 Dungeon Crawl Stone Soup version 0.30.1-11-g7821555f0a (webtiles) character file.

Game seed: 16710941463708368880

753 Ivernyr the Shield-Bearer (level 8, -7/62 HPs)
             Began as a Formicid Fighter on Dec 13, 2023.
             Was an Initiate of Wu Jian.
             Mangled by an ogre
             ... wielding a +0 giant club
              (14 damage)
             ... on level 5 of the Dungeon.
             The game lasted 00:08:07 (3671 turns).

Ivernyr the Shield-Bearer (Formicid Fighter)        Turns: 3671, Time: 00:08:08

Health: -7/62      AC:  8    Str: 23    XL:     8   Next: 6%
Magic:  8/8        EV:  9    Int:  8    God:    Wu Jian [......]
Gold:   127        SH:  5    Dex: 13    Spells: 7/7 levels left

rFire   . . .        a - +0 quarterstaff
rCold   . . .        c - +0 buckler
rNeg    . . .        b - +1 scale mail {rPois}
rPois   +            (helmet unavailable)
rElec   .            (no cloak)
rCorr   .            (no gloves)
SInv    +            (no boots)
Will    .....        (no amulet) Stlth
                     (no ring)
HPRegen 0.30/turn    (no ring)
MPRegen 0.11/turn

%: no passive effects
@: no status effects
A: permanent stasis, dig shafts and tunnels, antennae 3, four strong arms
a: Dig, Shaft Self, Renounce Religion


You were on level 5 of the Dungeon.
You worshipped Wu Jian.
Wu Jian was noncommittal.
You visited 1 branch of the dungeon, and saw 6 of its levels.

You collected 127 gold pieces.

Inventory:

Hand Weapons
 a - a +0 quarterstaff (weapon)
Armour
 b - a +1 scale mail of poison resistance (worn)
 c - a +0 buckler (worn)
Jewellery
 d - a ring of flight
Wands
 e - a wand of flame (24)
 i - a wand of quicksilver (13)
 n - a wand of polymorph (7)
Scrolls
 h - a scroll of magic mapping
 j - a scroll of enchant weapon
 k - 3 scrolls of teleportation {unknown}
 o - a scroll of vulnerability
 r - a scroll of identify
 s - a scroll of fear {unknown}
Potions
 f - a potion of heal wounds
 g - a potion of haste {unknown}
 l - a potion of curing {unknown}
 m - a potion of berserk rage {unknown}
 p - a potion of degeneration {unknown}
 q - 3 potions of attraction {unknown}
 t - a potion of ambrosia {unknown}


   Skills:
 + Level 5.2 Fighting
 * Level 5.6 Staves
 + Level 5.2 Armour
 + Level 6.3 Shields


You had 7 spell levels left.
You didn't know any spells.
Your spell library was empty.

Dungeon Overview and Level Annotations

Branches:
Dungeon (6/15)
 Temple: D:4-7

Altars:
Wu Jian


Innate Abilities, Weirdness & Mutations

You cannot be hasted, slowed, berserked, paralysed or teleported.
You can dig through walls and to a lower floor.
You have a pair of large antennae on your head. (SInv)
Your four strong arms can wield two-handed weapons with a shield.


Message History

There are monsters nearby!
You hit the quokka.
The quokka is severely wounded.
The quokka completely misses you. The quokka barely misses you.
You barely miss the quokka.
The quokka is severely wounded.
You block the quokka's attack.
You sock the quokka!
You kill the quokka!
The Council accepts your kill.
You sock the iguana!
The iguana is heavily wounded.
The iguana bites you!
You hit the iguana.
The iguana is severely wounded.
The iguana bites you.
You hit the iguana but do no damage.
The iguana is severely wounded.
The iguana bites you.
You closely miss the iguana.
The iguana is severely wounded.
The iguana bites you but does no damage.
You sock the iguana!
You kill the iguana!
The Council accepts your kill.
You hit the ogre but do no damage.
The ogre hits you with a +0 giant club!!
You hit the ogre.
The ogre is lightly wounded.
The ogre barely misses you.
You sock the ogre!
The ogre is heavily wounded.
You hit the ogre.
The ogre is heavily wounded.
The ogre hits you with a +0 giant club!!
* * * LOW HITPOINT WARNING * * *
You hit the ogre.
The ogre is heavily wounded.
The ogre hits you with a +0 giant club!
You die...

.......## .. # ........#
#.# # ........# #.. #
........##O. .### ##
......... .## ...##.
........##..## #....
.......).†...########...
......#O##.$........#..#
##### #@# ..............
#.# ..........#... ##.#
............#. ##..#
............#. ########..##
####.##..#.... #........##
#...<.........
#......#######.###.........
#..........................
#.[....######.#............


You could see an ogre.

Vanquished Creatures
  Menkaure (D:4)
  An ice beast (D:5)
  2 ogres
  Blork the orc (D:5)
  3 hounds (D:4)
  2 jellies
  An iguana (D:5)
  A sleepcap (D:5)
  An adder (D:2)
  A shadow imp (D:5)
  2 ufetubi
  2 worms
  3 dart slugs
  6 orcs (D:3)
  5 bats
  5 endoplasms
  A giant cockroach (D:1)
  7 goblins
  8 hobgoblins
  2 quokkas
  11 ball pythons
  5 frilled lizards
  9 kobolds
  4 rats
84 creatures vanquished.

Notes
Turn   | Place    | Note
-------+----------+-------------------------------------------
     0 | D:1      | Ivernyr the Formicid Fighter began the quest for the Orb.
     0 | D:1      | Reached XP level 1. HP: 18/18 MP: 1/1
    44 | D:1      | Reached XP level 2. HP: 23/24 MP: 2/2
   405 | D:1      | Reached XP level 3. HP: 29/29 MP: 3/3
  1220 | D:2      | Reached XP level 4. HP: 37/37 MP: 4/4
  1605 | D:3      | Found a faded altar of an unknown god.
  2299 | D:4      | Reached XP level 5. HP: 35/42 MP: 5/5
  2384 | D:4      | Noticed an ogre
  2388 | D:4      | Reached skill level 5 in Shields
  2390 | D:4      | Killed an ogre
  2391 | D:4      | Reached XP level 6. HP: 27/49 MP: 6/6
  2527 | D:4      | Noticed Menkaure
  2730 | D:4      | Killed Menkaure
  2731 | D:4      | Reached XP level 7. HP: 43/55 MP: 7/7
  3020 | D:5      | Entered Level 5 of the Dungeon
  3132 | D:5      | Found an ornate altar of the Wu Jian Council.
  3145 | D:5      | Became a worshipper of the Wu Jian Council
  3153 | D:5      | Noticed Blork the orc
  3165 | D:5      | Killed Blork the orc
  3166 | D:5      | Reached skill level 5 in Staves
  3308 | D:5      | Reached skill level 5 in Fighting
  3308 | D:5      | Reached skill level 5 in Armour
  3308 | D:5      | Reached skill level 6 in Shields
  3316 | D:5      | HP: 1/56 [acid (8)]
  3325 | D:5      | You fall into a shaft and drop 1 floor!
  3583 | D:5      | Reached XP level 8. HP: 62/62 MP: 8/8
  3671 | D:5      | Mangled by an ogre

Illustrated notes

Levels and vault maps discovered:
D:1:      nzn_arrival_crosshair, layout_basic
D:2:      layout_loops_ring, minmay_splitting_lines
D:3:      layout_rooms, ebering_ecumenical_altar_mist
D:4:      layout_loops_ring, minmay_misc_feat_four_crosses, uniq_menkaure
D:5:      layout_rooms, nicolae_wu_jian_wuxing_cycle,
          nicolae_overflow_hallway_of_the_gods, kennysheep_cross_room,
          uniq_blork_the_orc
D:6:      layout_cave_pods, mainiacjoe_overflow_24_doors,
          serial_co_window_serial, co_window_paths_a, co_window_corner_a,
          co_window_of_opportunity_a, co_window_paths_a, co_window_paths_b,
          co_window_paths_b, co_window_paths_a, co_window_corner_b,
          co_window_paths_c, co_window_corner_ca, co_window_of_opportunity_b,
          co_window_corner_b, co_window_broadway_b, co_window_paths_c,
          co_window_4corner_b, glass_columns_b, glass_columns_b,
          glass_columns_a, glass_columns_a, glass_columns_a,
          nrook_loot_triangle, uniq_eustachio

Skill      XL: |  1  2  3  4  5  6  7 |
---------------+----------------------+-----
Staves         | 3 4 5 |  5.6
Fighting       | 4 5 |  5.2
Armour         | 4 5 |  5.2
Shields        | 5 6 |  6.3

Action                     |  1- 3 |  4- 6 |  7- 9 || total
---------------------------+-------+-------+-------++-------
  Melee: Quarterstaff      |    73 |   126 |    57 ||   256
Ability: Dig               |       |     2 |       ||     2
         Shaft Self        |       |       |     1 ||     1
         Lunge             |       |       |     1 ||     1
    Use: Potion            |       |     1 |     2 ||     3
         Scroll            |       |     4 |     1 ||     5
 Armour: Scale mail        |    30 |    62 |     8 ||   100
  Dodge: Dodged            |    22 |    75 |    18 ||   115
  Block: Buckler           |    16 |    50 |     6 ||    72
